 Dungeon Sprint DCSS version 0.19-a0-1401-g902f63d (webtiles) character file.

1099 poirepourri the Fighter (level 8, -4/60 HPs)
             Began as a Gargoyle Fighter on Sept 4, 2016.
             Was an Initiate of Cheibriados.
             Slain by a death cob (20 damage)
             ... in the Dungeon (Sprint VII: "The Pits").
             The game lasted 00:03:30 (1112 turns).

poirepourri the Fighter (Gargoyle Fighter)          Turns: 1112, Time: 00:03:31

Health: -4/60      AC: 20    Str: 22    XL:     8   Next: 32%
Magic:  8/8        EV: 11    Int: 13    God:    Cheibriados [......]
Gold:   0          SH:  9    Dex: 11    Spells: 0 memorised, 7 levels left

rFire  . . .     SeeInvis .     l - +2 mace (crush)
rCold  . . .     Gourm    .     m - +2 plate armour
rNeg   + . .     Faith    .     c - +0 shield
rPois  ∞         Spirit   .     q - +0 helmet
rElec  +         Dismiss  .     (no cloak)
rCorr  .         Reflect  .     (no gloves)
MR     .....     Harm     .     r - +0 pair of boots
Stlth  .......... NoTele   +    (no amulet)
                                d - +3 ring of intelligence
                                n - +3 ring of evasion

@: slowed, very slow
A: negative energy resistance 1, electricity resistance, unbreathing,
petrification resistance, rot immunity, AC +5
a: Bend Time, Renounce Religion


You were in the Dungeon.
You worshipped Cheibriados.
Cheibriados was noncommittal.
You were completely stuffed.

You visited 1 branch

Inventory:

Hand Weapons
 a - a +0 flail
 l - a +2 mace of crushing (weapon)
Armour
 b - a +0 scale mail
 c - a +0 shield (worn)
 m - a +2 plate armour (worn)
 q - a +0 helmet (worn)
 r - a +0 pair of boots (worn)
Jewellery
 d - a +3 ring of intelligence (right hand)
 n - a +3 ring of evasion (left hand)
Scrolls
 t - 3 scrolls of remove curse
 u - 5 scrolls of amnesia
 v - a scroll of summoning
Potions
 e - 7 potions of curing
 g - 11 potions of heal wounds
 h - 2 potions of haste
 i - 4 potions of magic
 j - 4 potions of berserk rage
 o - a potion of cure mutation
 p - 2 potions of brilliance
 s - a potion of invisibility
Comestibles
 f - 7 bread rations
 w - 40 fruits
 x - 6 meat rations


   Skills:
 + Level 11.9 Fighting
 + Level 8.1 Maces & Flails
 - Level 3.2 Armour
 + Level 10.0 Dodging
 - Level 3.2 Shields


You had 7 spell levels left.
You didn't know any spells.

Dungeon Overview and Level Annotations

Branches:
Dungeon (1/1)

Altars:
Ashenzari
Cheibriados
Dithmenos
Elyvilon
Fedhas
Gozag
Hepliaklqana
Kikubaaqudgha
Makhleb
Nemelex Xobeh
Okawaru
Qazlal
Ru
Sif Muna
Trog
Uskayaw
Vehumet
Xom
Yredelemnul
Zin
The Shining One
Beogh
Jiyva
Lugonu


Innate Abilities, Weirdness & Mutations

You are resistant to torment.
Your stone body is resilient. (AC +5)
You are immune to poison.
You resist negative energy. (rN+)
You are resistant to electric shocks. (rElec)
You can survive without breathing.
You are immune to petrification.
You are immune to rotting.


Message History

The death cob hits you but does no damage.
You hit the death cob.
The death cob is lightly damaged.
The death cob hits you!! The death cob hits you.
The death cob drains your vigour!
You feel yourself slow down. You block the death cob's attack.
Unknown command.
Okay, then.
You miss the death cob.
The death cob is lightly damaged.
The death cob hits you. The death cob drains your vigour!
You feel as though you will be slow longer.
The death cob barely misses you. The death cob hits you!!
* * * LOW HITPOINT WARNING * * *
The death cob barely misses you.
You feel much better. The death cob completely misses you.
You block the death cob's attack. The death cob hits you!
* * * LOW HITPOINT WARNING * * *
The death cob hits you!!
You die...

###################
..................+
..................+
################..#
# #Z#..# # #z@.# #
#S#..# # #t #..# #
#. #..#
################..#
..................#
..................#
#######''##########
#######''######


You could see a death cob, a snapping turtle, a black mamba and a ball python
zombie.

Vanquished Creatures
  A deep elf mage (D)
  A dream sheep (D)
  A warg (D)
  A phantom (D)
  A wolf (D)
  A necrophage (D)
  A big kobold (D)
  A quasit (D)
  2 adders (D)
  A river rat (D)
  An adder skeleton (D)
  A worm (D)
  A goblin (D)
  4 jackals (D)
  2 kobolds (D)
  A quokka (D)
  A ball python (D)
  A bat (D)
  3 giant cockroach zombies (D)
  A jackal zombie (D)
27 creatures vanquished.

Notes
Turn   | Place    | Note
-------+----------+-------------------------------------------
     0 | D        | poirepourri the Gargoyle Fighter began the quest for the Orb.
     0 | D        | Reached XP level 1. HP: 14/14 MP: 1/1
    41 | D        | Reached skill level 5 in Fighting
    41 | D        | Reached XP level 2. HP: 21/21 MP: 2/2
    53 | D        | Reached skill level 6 in Fighting
    62 | D        | Reached skill level 1 in Dodging
    62 | D        | Reached XP level 3. HP: 13/27 MP: 3/3
   304 | D        | Noticed a wolf
   305 | D        | Noticed a phantom
   307 | D        | Noticed a warg
   325 | D        | Killed a warg
   325 | D        | Reached skill level 8 in Fighting
   325 | D        | Reached skill level 5 in Dodging
   325 | D        | Reached XP level 4. HP: 21/36 MP: 4/4
   325 | D        | Reached XP level 5. HP: 23/40 MP: 5/5
   330 | D        | Killed a wolf
   330 | D        | Reached skill level 9 in Fighting
   330 | D        | Reached skill level 5 in Maces & Flails
   330 | D        | Reached XP level 6. HP: 27/46 MP: 6/6
   346 | D        | Killed a phantom
   467 | D        | Reached skill level 10 in Fighting
   470 | D        | Noticed a dream sheep
   482 | D        | Killed a dream sheep
   482 | D        | Reached XP level 7. HP: 38/53 MP: 7/7
   569 | D        | Noticed a deep elf mage
   586 | D        | Killed a deep elf mage
   586 | D        | Reached skill level 11 in Fighting
   586 | D        | Reached XP level 8. HP: 50/60 MP: 8/8
   601 | D        | Reached skill level 10 in Dodging
   743 | D        | Found a radiant altar of Vehumet.
   743 | D        | Found a hide-covered altar of Uskayaw.
   743 | D        | Found an ancient bone altar of Kikubaaqudgha.
   743 | D        | Found a viscous altar of Jiyva.
   743 | D        | Found a hazy altar of Hepliaklqana.
   744 | D        | Found a bloodstained altar of Trog.
   744 | D        | Found a deep blue altar of Sif Muna.
   744 | D        | Found a sacrificial altar of Ru.
   744 | D        | Found a stormy altar of Qazlal.
   744 | D        | Found an iron altar of Okawaru.
   744 | D        | Found a sparkling altar of Nemelex Xobeh.
   744 | D        | Found an opulent altar of Gozag.
   744 | D        | Found a blossoming altar of Fedhas.
   744 | D        | Found a white marble altar of Elyvilon.
   744 | D        | Found a shadowy altar of Dithmenos.
   744 | D        | Found a snail-covered altar of Cheibriados.
   745 | D        | Found a glowing golden altar of the Shining One.
   745 | D        | Found a glowing silver altar of Zin.
   746 | D        | Found a burning altar of Makhleb.
   746 | D        | Found a basalt altar of Yredelemnul.
   746 | D        | Found a roughly hewn altar of Beogh.
   747 | D        | Found a corrupted altar of Lugonu.
   747 | D        | Found a shimmering altar of Xom.
   747 | D        | Found a shattered altar of Ashenzari.
   756 | D        | Became a worshipper of Cheibriados the Contemplative
   804 | D        | Noticed a seven-headed hydra
   820 | D        | Paralysed by a giant eyeball for 3 turns
  1106 | D        | Noticed a snapping turtle
  1106 | D        | Noticed a black mamba
  1107 | D        | Noticed a death cob
  1112 | D        | Slain by a death cob

Vault maps used:
D:        pitsprint

Skill      XL: |  1  2  3  4  5  6  7  8 |
---------------+-------------------------+-----
Fighting       | 5 6 8 9 10 11 | 11.9
Maces & Flails | 3 4 5 6 7 8 |  8.1
Dodging        | 1 5 6 8 9 10 | 10.0
Armour         | |  3.2
Shields        | |  3.2

Action                   |  1- 3 |  4- 6 |  7- 9 || total
-------------------------+-------+-------+-------++-------
Melee: Flail             |    50 |       |       ||    50
       Mace              |    18 |    28 |    32 ||    78
  Use: Potion            |     1 |       |     2 ||     3
       Scroll            |       |       |     1 ||     1
  Eat: Meat ration       |       |       |     1 ||     1
       Bread ration      |       |       |     1 ||     1
Armor: Scale mail        |    59 |       |       ||    59
       Plate armour      |    21 |    13 |    34 ||    68
Dodge: Dodged            |    38 |     7 |    13 ||    58
Block: Shield            |    60 |     6 |    14 ||    80
